 Dungeon Crawl Stone Soup version 0.19-a0-994-g3c636f0 (webtiles) character file.

66735 Charly the Carver (level 15, -4/163 HPs)
             Began as a Halfling Warper on July 16, 2016.
             Was an Elder of Trog.
             Slain by an entropy weaver (8 damage)
             ... on level 4 of the Spider Nest.
             The game lasted 02:59:31 (9019 turns).

Charly the Carver (Halfling Warper)                 Turns: 9019, Time: 02:59:32

Health: -4/163     AC: 23    Str: 22    XL:     15   Next: 63%
Magic:  17/17      EV: 20    Int: 12    God:    Trog [****..]
Gold:   1048       SH:  0    Dex: 21    Spells: 3 memorised, 12 levels left

rFire  + . .     SeeInvis .     a - +5 double sword (elec)
rCold  . . .     Gourm    .     o - +7 chain mail of Fortitude {Str+3}
rNeg   . . .     Faith    .     (shield currently unavailable)
rPois  +         Spirit   .     x - +2 hat {MR+}
rElec  .         Dismiss  .     y - +0 cloak
rCorr  .         Reflect  .     d - +1 pair of gloves {Str+3}
SustAt .         Harm     .     M - +0 pair of boots
MR     ++...                    r - amulet of rage
Stlth  ..........               p - ring of poison resistance
                                f - ring of protection from fire

@: berserking, corroded, very quick, very resistant to hostile enchantments,
extremely unstealthy
A: mutation resistance 1
a: Berserk, Trog's Hand, Brothers in Arms, Burn Spellbooks, Renounce Religion,
Evoke Berserk Rage


You were on level 4 of the Spider Nest.
You worshipped Trog.
Trog was greatly pleased with you.
You were not hungry.

You visited 5 branches of the dungeon, and saw 28 of its levels.
You also visited: Ice Cave.

You collected 1919 gold pieces.
You spent 871 gold pieces at shops.

Inventory:

Hand Weapons
 a - a +5 double sword of electrocution (weapon)
 b - a +0 blowgun
 W - the +8 falchion "Optipain" {flame, MR+}
   (You bought it in a shop on level 11 of the Dungeon)

   It has been specially enchanted to burn those struck by it, causing extra
   injury to most foes and up to half again as much damage against particularly
   susceptible opponents.
   Big, fiery blades are also staple armaments of hydra-hunters.
   It affects your resistance to hostile enchantments.
Missiles
 L - 3 poisoned needles
Armour
 c - the +1 shield of Time Monsters {Int+2 Slay+2}
   (You found it on level 4 of the Spider Nest)

   It affects your intelligence (+2).
   It affects your accuracy and damage with ranged weapons and melee attacks
   (+2).
 d - a +1 pair of gloves of strength (worn)
 o - the +7 chain mail of Fortitude (worn) {Str+3}
   (You bought it in a shop on level 11 of the Dungeon)

   It affects your strength (+3).
 x - a +2 hat of magic resistance (worn)
 y - a +0 cloak (worn)
 E - a +1 buckler of poison resistance
 M - a +0 pair of boots (worn)
Jewellery
 e - an uncursed ring of stealth
 f - a ring of protection from fire (left hand)
 i - an uncursed ring of sustain attributes
 n - an uncursed ring of positive energy
 p - a ring of poison resistance (right hand)
 q - an uncursed ring of protection from fire
 r - an amulet of rage (around neck)
 w - an uncursed ring of wizardry
 F - an uncursed ring of flight
Wands
 s - a wand of flame (25/48)
 u - a wand of confusion (23/48)
 B - a wand of hasting (5/9)
 D - a wand of digging (8/24)
 G - a wand of slowing (8/48)
 P - a wand of enslavement (10/24)
Scrolls
 t - 3 scrolls of fog
 v - a scroll of magic mapping
 A - a scroll of enchant weapon
 I - 2 scrolls of enchant armour
 K - a scroll of silence {unknown}
 N - 4 scrolls of remove curse
 R - a scroll of summoning {unknown}
 Y - a scroll of immolation {unknown}
Potions
 g - 2 potions of resistance
 h - 2 potions of might
 l - 6 potions of curing
 C - 5 potions of brilliance
 H - 2 potions of magic
 J - a potion of berserk rage
 O - 4 potions of agility
 T - 2 potions of lignification
 X - a potion of flight {unknown}
Books
 j - a book of Burglary

   Spells                             Type                      Level
   a - Swiftness                      Charms/Air                   2
   b - Passwall                       Transmutation/Earth          2
   c - Passage of Golubria            Translocation                4
   d - Lee's Rapid Deconstruction     Earth                        5
   e - Darkness                       Hexes                        6
   f - Invisibility                   Hexes                        6
   Trog disapproves of the use of such an item.
 S - a book of Dreams

   Spells                             Type                      Level
   a - Ensorcelled Hibernation        Hexes/Ice                    2
   b - Silence                        Hexes/Air                    5
   c - Darkness                       Hexes                        6
   d - Shadow Creatures               Summoning                    6
   Trog disapproves of the use of such an item.
 U - a book of Battle

   Spells                             Type                      Level
   a - Infusion                       Charms                       1
   b - Shroud of Golubria             Charms/Translocation         2
   c - Song of Slaying                Charms                       2
   d - Spectral Weapon                Hexes/Charms                 3
   e - Regeneration                   Charms/Necromancy            3
   Trog disapproves of the use of such an item.
Comestibles
 k - 3 meat rations
 Q - 5 bread rations


   Skills:
 + Level 12.4 Fighting
 + Level 14.4 Long Blades
 - Level 1.1 Throwing
 - Level 13.6 Armour
 - Level 12.6 Dodging
 - Level 2.9 Shields
 - Level 1.5 Spellcasting
 - Level 3.2 Translocations
 - Level 2.9 Evocations


You had 12 spell levels left.
You knew the following spells:

 Your Spells              Type           Power        Failure   Level  Hunger
a - Apportation           Tloc           #.........   38%         1    ##.....
b - Blink                 Tloc           N/A          63%         2    ###....
g - Shroud of Golubria    Chrm/Tloc      #.........   91%         2    ###....


Dungeon Overview and Level Annotations

Branches:
Dungeon (15/15)            Temple (1/1) D:5            Lair (6/6) D:8
 Shoals (0/4) Lair:3       Spider (4/4) Lair:4          Orc (2/2) D:11
 Vaults (0/5) D:13
  Slime: Lair:5-6       Elf: Orc:2       Depths: D:15

Altars:
Dithmenos
Nemelex Xobeh
Qazlal
Trog
Yredelemnul
The Shining One

Shops:
D:4 (   D:11 ([*:*   D:15 %

Annotations:
D:4 p0werm0de's ghost, weakling DsAM
D:15 Louise
Lair:5 Rupert


Innate Abilities, Weirdness & Mutations

You are small and have problems with some larger weapons.
You are somewhat resistant to further mutation.


Message History

Unknown command.
You closely miss the spark wasp.
The spark wasp is severely wounded.
The spark wasp misses you.
You riposte.
You slash the spark wasp!
The spark wasp is almost dead.
The entropy weaver completely misses you.
You riposte.
You hit the entropy weaver.
The entropy weaver is heavily wounded.
The entropy weaver hits you but does no damage.
The entropy weaver barely misses you.
The entropy weaver splashes around in the water.
You slash the spark wasp!
You kill the spark wasp!
Trog accepts your kill. The entropy weaver hits you.
* * * LOW HITPOINT WARNING * * *
The entropy weaver splashes around in the water.
The entropy weaver hits you but does no damage.
The entropy weaver hits you!
You die...

#.##................##..#^^(#(..#
.###^..≈.^.^..^^...≈###..#.......
## #..^.#.....#^.^.^# ##..#...^..
# #...≈#...^^#.....# #/#.###### #
##...^#.....#.....# #.^......#
#≈≈..^#^....#....≈## #.###.#...
#≈....#^....#≈....^# #^#.......
#.....#...)^#......# #.........
##....##^....#^@....# #..###.(.#
#....≈#......#a.....# #..( #.#)#
#....^#.a..^^#^.....# #....#(#(#
#≈...^#.....^#..s..^# #..(.(.#..
##.....#......#≈.^...# ##........
#.^....^^....^≈......# ##.^.....
#......^.....≈......^# ########
...../#....?^#.......##
......#^^..^.#.^....^.#


You could see an entropy weaver and an orb spider.

Vanquished Creatures
  Agnes (D:15)
  A ghost moth (Spider:4)
  An entropy weaver (Spider:1)
  Nessos (Lair:5)
  2 spark wasps (Spider:4)
  Josephine (D:12)
  2 ogre magi (Orc:1)
  2 hydras
  A catoblepas (Lair:6)
  A centaur warrior (D:14)
  4 death yaks (Lair:6)
  A deep troll shaman (Lair:6)
  A skeletal warrior (D:12)
  A lindwurm (Lair:6)
  A phantasmal warrior (D:12)
  14 wolf spiders
  5 hornets
  A necromancer (IceCv)
  6 orb spiders
  A cyclops (D:14)
  4 ugly things
  2 orc sorcerers
  5 elephants (Lair:6)
  3 ice statues (IceCv)
  A moth of wrath (Spider:2)
  2 black mambas
  2 torpor snails
  A centaur zombie (D:12)
  3 spiny frogs
  A kobold demonologist (D:12)
  2 komodo dragons
  2 rime drakes (Lair:6)
  5 demonic crawlers
  2 freezing wraiths
  3 trolls
  2 polar bears (Lair:6)
  A meliai (shapeshifter) (D:14)
  2 giant leeches (Spider:4)
  10 jumping spiders
  4 two-headed ogres (Orc:1)
  4 boulder beetles
  21 yaks
  14 tarantellas
  35 redbacks
  2 wyverns (Lair:6)
  4 wraiths (D:12)
  A human (D:12)
  2 hungry ghosts
  5 hippogriffs
  Menkaure (D:7)
  3 vampire mosquitoes (D:13)
  A soldier ant (D:14)
  3 porcupines
  6 water moccasins
  11 ice beasts
  3 black bears
  12 orc warriors
  A wasp (Spider:1)
  11 ogres
  18 wolves
  4 centaurs
  2 big kobolds
  4 crocodiles
  6 giant frogs
  2 wyvern skeletons
  A water moccasin skeleton (D:4)
  3 crimson imps
  A giant frog zombie (D:7)
  3 hounds
  9 orc priests
  5 centaur skeletons
  A giant frog skeleton (D:4)
  8 jellies
  15 orc wizards
  4 iguanas
  7 hell rats (Lair:4)
  4 worker ants
  7 sheep (Lair:5)
  3 gnolls (D:3)
  9 adders
  3 howler monkey skeletons
  11 river rats
  A shadow imp (D:5)
  2 oozes
  2 worms
  3 dart slugs (D:1)
  3 giant geckos
  38 orcs
  13 bats
  2 goblins
  7 hobgoblins
  6 jackals
  2 quokkas
  A ball python (D:1)
  A giant newt (D:2)
  10 kobolds
  15 rats
  A spectral orc (D:4)
482 creatures vanquished.

Vanquished Creatures (collateral kills)
  An entropy weaver (Spider:2)
  A death knight (D:12)
  An orb spider (Spider:4)
  A jumping spider (Spider:4)
  2 redbacks (Spider:4)
6 creatures vanquished.

Vanquished Creatures (others)
  2 giant leeches (Spider:4)
  A jelly (Lair:6)
  An orc (Orc:1)
  13 fungi (Lair:6)
  19 plants
  2 withered plants (D:15)
38 creatures vanquished.

Grand Total: 526 creatures vanquished

Notes
Turn   | Place    | Note
-------+----------+-------------------------------------------
     0 | D:1      | Charly the Halfling Warper began the quest for the Orb.
     0 | D:1      | Reached XP level 1. HP: 14/14 MP: 3/3
   197 | D:1      | Reached XP level 2. HP: 19/19 MP: 4/4
   208 | D:1      | Reached skill level 3 in Long Blades
   212 | D:1      | Learned a level 2 spell: Shroud of Golubria
   402 | D:2      | Reached XP level 3. HP: 24/24 MP: 2/5
   458 | D:2      | Learned a level 2 spell: Blink
   604 | D:3      | Reached XP level 4. HP: 29/29 MP: 3/6
   657 | D:3      | Reached skill level 1 in Evocations
   908 | D:3      | Noticed an ice beast
   922 | D:3      | Killed an ice beast
   922 | D:3      | Reached skill level 4 in Long Blades
   922 | D:3      | Reached XP level 5. HP: 27/34 MP: 7/7
   922 | D:3      | Reached XP level 6. HP: 30/39 MP: 8/8
  1095 | D:4      | Noticed p0werm0de's ghost (weakling DsAM)
  1223 | D:4      | Found Kidaogo's Weapon Shoppe.
  1231 | D:4      | Reached XP level 7. HP: 36/45 MP: 0/9
  1273 | D:4      | Reached skill level 5 in Long Blades
  1641 | D:4      | Found a basalt altar of Yredelemnul.
  1704 | D:5      | Entered Level 5 of the Dungeon
  1757 | D:5      | Found a sparkling altar of Nemelex Xobeh.
  1929 | D:5      | Found a staircase to the Ecumenical Temple.
  1933 | Temple   | Entered the Ecumenical Temple
  1964 | Temple   | Became a worshipper of Trog the Wrathful
  2116 | D:7      | Noticed Menkaure
  2130 | D:7      | Killed Menkaure
  2130 | D:7      | Reached XP level 8. HP: 54/54 MP: 10/10
  2193 | D:7      | Reached skill level 5 in Dodging
  2271 | D:7      | Reached skill level 6 in Long Blades
  2586 | D:8      | Reached * piety under Trog
  2671 | D:8      | Found a staircase to the Lair.
  2781 | D:8      | Reached XP level 9. HP: 56/60 MP: 11/11
  2825 | D:9      | Reached skill level 7 in Long Blades
  2956 | D:10     | Entered Level 10 of the Dungeon
  3142 | D:8      | Reached ** piety under Trog
  3310 | D:11     | Found Yschob's Assorted Antiques.
  3310 | D:11     | Found Osyfriga's Book Boutique.
  3313 | D:11     | Bought a scroll labeled RUELYE RICHUCA for 26 gold pieces
  3313 | D:11     | Bought a fine falchion for 208 gold pieces
  3313 | D:11     | Identified the +8 falchion "Optipain" {flame, MR+} (You bought it in a shop on level 11 of the Dungeon)
  3328 | D:11     | Found Dunuil's Assorted Antiques.
  3337 | D:11     | Reached skill level 5 in Fighting
  3337 | D:11     | Reached skill level 8 in Long Blades
  3362 | D:11     | Noticed a brown ugly thing
  3391 | D:11     | Killed a brown ugly thing
  3499 | D:11     | Reached XP level 10. HP: 41/66 MP: 12/12
  3507 | D:11     | Noticed a brown ugly thing
  3516 | D:11     | Killed a brown ugly thing
  3516 | D:11     | Reached skill level 9 in Long Blades
  3521 | D:11     | Noticed a four-headed hydra
  3529 | D:11     | Charly: smrtass
  3554 | D:11     | HP: 4/102 [yak (8)]
  3584 | D:12     | Noticed a skeletal warrior
  3584 | D:12     | Noticed a skeletal warrior
  3664 | D:11     | Found Dupia's Antique Weapon Emporium.
  3667 | D:11     | Reached skill level 10 in Long Blades
  3675 | D:11     | Found Bicw's Antique Armour Shop.
  3693 | D:11     | Killed a one-headed hydra
  3705 | D:11     | Found a staircase to the Orcish Mines.
  3713 | Orc:1    | Entered Level 1 of the Orcish Mines
  3760 | Orc:1    | Noticed an orc sorcerer
  3768 | Orc:1    | Killed an orc sorcerer
  3823 | Orc:1    | Noticed an ogre mage
  3831 | Orc:1    | Killed an ogre mage
  3831 | Orc:1    | Reached skill level 11 in Long Blades
  3831 | Orc:1    | Reached XP level 11. HP: 75/75 MP: 13/13
  3909 | Orc:1    | Reached *** piety under Trog
  3930 | Orc:1    | Reached skill level 12 in Long Blades
  4004 | Orc:1    | Noticed an ogre mage
  4023 | Orc:1    | Killed an ogre mage
  4083 | Orc:1    | Found a frozen archway.
  4136 | IceCv    | Entered an ice cave
  4304 | IceCv    | Noticed a necromancer
  4313 | IceCv    | Killed a necromancer
  4313 | IceCv    | Reached skill level 13 in Long Blades
  4513 | Orc:1    | Reached XP level 12. HP: 70/84 MP: 14/14
  4522 | Orc:2    | Entered Level 2 of the Orcish Mines
  4875 | D:11     | Bought a faintly glowing chain mail for 285 gold pieces
  4885 | D:11     | Identified the +7 chain mail of Fortitude {Str+3} (You bought it in a shop on level 11 of the Dungeon)
  4920 | D:11     | Bought a shiny iron wand for 96 gold pieces
  4920 | D:11     | Bought a scroll of fog for 48 gold pieces
  4920 | D:11     | Bought a tubular cabochon ring for 120 gold pieces
  4920 | D:11     | Bought a scroll labeled UTTAGGYNOM for 24 gold pieces
  4920 | D:11     | Bought 2 viscous dark potions for 43 gold pieces
  4920 | D:11     | Bought a coppery potion for 21 gold pieces
  4952 | D:13     | Found a gate to the Vaults.
  4952 | D:13     | Noticed an eight-headed hydra
  4952 | D:13     | Noticed a centaur warrior
  4954 | D:13     | Noticed a tengu warrior
  5004 | D:12     | Noticed Josephine
  5025 | D:12     | Killed Josephine
  5091 | D:14     | Reached skill level 14 in Long Blades
  5144 | D:14     | Reached skill level 5 in Armour
  5214 | D:15     | Entered Level 15 of the Dungeon
  5247 | D:15     | Noticed Agnes
  5253 | D:15     | Noticed Louise
  5256 | D:15     | Killed Agnes
  5256 | D:15     | Reached **** piety under Trog
  5370 | D:15     | Found Jurhuf's Food Shop.
  5514 | D:15     | 24/15
  5538 | D:15     | Reached XP level 13. HP: 87/90 MP: 15/15
  5546 | D:15     | Noticed a centaur warrior
  5588 | D:14     | Noticed a centaur warrior
  5600 | D:14     | Killed a centaur warrior
  5904 | Lair:1   | Entered Level 1 of the Lair of Beasts
  6030 | Lair:3   | Found a staircase to the Shoals.
  6040 | Lair:3   | Reached skill level 10 in Dodging
  6043 | Lair:3   | 25/16
  6129 | Lair:3   | Reached skill level 10 in Fighting
  6269 | Lair:4   | Found a hole to the Spider Nest.
  6342 | Lair:5   | Reached ***** piety under Trog
  6368 | Lair:5   | Noticed Nessos
  6386 | Lair:5   | Killed Nessos
  6390 | Lair:6   | Entered Level 6 of the Lair of Beasts
  6422 | Lair:5   | Noticed Rupert
  6505 | Lair:6   | Identified a scroll of acquirement
  6537 | Lair:6   | Reached skill level 10 in Armour
  6540 | Lair:6   | Noticed a five-headed hydra
  6560 | Lair:6   | Killed a one-headed hydra
  6682 | Lair:6   | Reached XP level 14. HP: 85/99 MP: 16/16
  7126 | Spider:1 | Entered Level 1 of the Spider Nest
  7135 | Spider:1 | magipi: hello
  7145 | Spider:1 | Charly: hi
  7151 | Spider:1 | magipi: optipain? :D
  7153 | Spider:1 | Noticed an entropy weaver
  7158 | Spider:1 | Charly: what does it mean?
  7166 | Spider:1 | magipi: well, probably nothing, but it sounds like "optimal pain" to me
  7173 | Spider:1 | Killed an entropy weaver
  7174 | Spider:1 | Charly: you mean pain of trying to play optimaly?
  7178 | Spider:1 | magipi: :D
  7234 | Spider:1 | magipi: in the new versions, blowguns are really bad
  7237 | Spider:1 | Received a gift from Trog
  7240 | Spider:1 | magipi: unless you have throwing
  7240 | Spider:1 | Charly: Iv noticed
  7240 | Spider:1 | Charly: this is kinda good
  7240 | Spider:1 | Charly: they were way to overpowered on earlier versions
  7240 | Spider:1 | Charly: on the other hand its one of the reasons this versions is harder
  7244 | Spider:1 | magipi: good point
  7536 | Spider:2 | Noticed an entropy weaver
  7575 | Spider:2 | Killed an entropy weaver
  7843 | Spider:4 | Entered Level 4 of the Spider Nest
  7935 | Spider:3 | magipi: ring of stealth?
  7936 | Spider:3 | magipi: degenration?
  8077 | Spider:4 | 27/18
  8115 | Spider:4 | Reached XP level 15. HP: 57/107 MP: 17/17
  8360 | Spider:4 | Got a heavily runed shield
  8366 | Spider:4 | Identified the +1 shield of Time Monsters {Int+2 Slay+2} (You found it on level 4 of the Spider Nest)
  8366 | Spider:4 | magipi: hmm
  8368 | Spider:4 | magipi: this will be hard to lose when trog gifts an awesome 2-hander :D
  8368 | Spider:4 | Charly: nah, not really
  8368 | Spider:4 | Charly: but it doesnt cost much to invest some points into shields
  8368 | Spider:4 | Charly: this shield is very average
  8405 | Spider:4 | magipi: slaying is exactly what you need for demon blades to be awesome
  8430 | Spider:3 | magipi: btw, what is the dog plan? stay with trog or?
  8430 | Spider:3 | magipi: god, dammit
  8430 | Spider:3 | Charly: :p
  8430 | Spider:3 | Charly: Im gonna switch to Shining
  8430 | Spider:3 | Charly: this is one of the reasons I didnt go straight zerk
  8430 | Spider:3 | magipi: tso to zin, or pure tso?
  8430 | Spider:3 | Charly: wanted to have an escape option from trogs terrible wrath
  8430 | Spider:3 | Charly: pure tso
  8430 | Spider:3 | magipi: sounds cool
  8430 | Spider:3 | Charly: but first I gotta clear lair and vaults
  8430 | Spider:3 | Charly: recently I didnt do best in those areas
  8434 | Spider:3 | 27/15/9
  8510 | Spider:4 | Charly: or maybe Ill go makh
  8510 | Spider:4 | Charly: TSO prevents stabbing and regen
  8510 | Spider:4 | magipi: yes
  8510 | Spider:4 | Charly: but Ill decide later
  8510 | Spider:4 | magipi: and stbbing is impossible anyway when you have a huge halo alerting everyone :D
  8518 | Spider:4 | Killed a ghost moth
  8518 | Spider:4 | Reached skill level 1 in Shields
  8550 | Spider:4 | Charly: now would be a good time to give me some heavier weapon
  8573 | Spider:4 | Noticed an emperor scorpion
  8574 | Spider:4 | magipi: no gifts so far? that was too fast for me
  8579 | Spider:4 | Charly: only one
  8579 | Spider:4 | Charly: which was a greatsling..
  8579 | Spider:4 | magipi: trog is silly sometimes
  8583 | Spider:4 | Charly: but not as silly as oka
  8610 | Spider:4 | magipi: of course
  8679 | Spider:4 | Received a gift from Trog
  8691 | Spider:4 | magipi: a gift!
  8697 | Spider:4 | magipi: double sword is 1h or 2h for a halfling?
  8697 | Spider:4 | Charly: as far as I know 2h
  8697 | Spider:4 | Charly: and demon blade is 1h
  8697 | Spider:4 | Charly: but the problem is
  8697 | Spider:4 | Charly: Im not sure
  8697 | Spider:4 | magipi: yeah
  8697 | Spider:4 | Charly: if demon is 1h
  8697 | Spider:4 | Charly: Id prefer demon
  8697 | Spider:4 | Charly: especially that I can bless it and get eudemon
  8697 | Spider:4 | magipi: but you dont have a demon blade
  8697 | Spider:4 | Charly: not yet
  8703 | Spider:4 | magipi: so that decision is for later
  8703 | Spider:4 | Charly: this is very good
  8703 | Spider:4 | magipi: elec, awesome
  8703 | Spider:4 | Charly: brb, ~10min
  8703 | Spider:4 | magipi: okay
  8703 | Spider:4 | magipi: thx
  9011 | Spider:4 | HP: 4/163 [spark wasp (12)]
  9019 | Spider:4 | HP: 4/163 [entropy weaver (1)]
  9019 | Spider:4 | Slain by an entropy weaver

Vault maps used:
D:1:      dpeg_arrival_three_same_balls
D:2:      fedhas_altar_3
D:4:      yredelemnul_forgotten_temple_becter, first_bread, serial_shops, shop,
          uniq_sigmund
D:5:      lemuel_crystal_altar
D:6:      dancing_weapons_uskayaw, kennysheep_mini
D:7:      uniq_menkaure
D:8:      grunt_lair_entry_orc_guard_hut
D:11:     orc_0_dummy, serial_shops, nicolae_shop_stone,
          nicolae_shop_behind_doors, shop, shop, shop, grunt_decor_mini_mirrors,
          hangedman_stone_soup, nicolae_looking_at_the_future, uniq_erica,
          uniq_urug
D:12:     uniq_josephine
D:13:     david_vaults_3
D:14:     serial_shops, shop
D:15:     gammafunk_depths_entry_grave, serial_shops, shop, nrook_uturn,
          uniq_agnes, uniq_louise
Temple:   dpeg_five_rooms_temple
Lair:1:   minivault_23
Lair:3:   elwin_shoals_entry_rocks
Lair:4:   spider_nest_entry_a
Lair:5:   grunt_megastairs_5, uniq_nessos, uniq_rupert
Lair:6:   grunt_lair_end_beastmaster, minmay_slime_entry_jelly_boxes,
          special_room, lemuel_old_faithful
Spider:3: uniq_asterion
Spider:4: grunt_spider_rune_parallel, hangedman_stitches_earthworm
Orc:1:    portal_ice_cave_entry_ice_beasts, mines4_lemuel
Orc:2:    st_orc_elflike
IceCv:    ice_cave_tombish

Skill      XL: |  1  2  3  4  5  6  7  8  9 10 11 12 13 14 15 |
---------------+----------------------------------------------+-----
Long Blades    | 3 4 5 6 8 11 13 14 | 14.4
Fighting       | 2 4 5 7 8 9 10 11 12 | 12.4
Evocations     | 2 |  2.9
Dodging        | 3 4 6 8 9 10 12 | 12.6
Armour         | 6 10 13 | 13.6
Shields        | 2 |  2.9
Throwing       | |  1.1
Spellcasting   | |  1.5
Translocations | |  3.2

Action                   |  1- 3 |  4- 6 |  7- 9 | 10-12 | 13-15 || total
-------------------------+-------+-------+-------+-------+-------++-------
Melee: Falchion          |    18 |       |    50 |   520 |  1074 ||  1662
       Short sword       |    63 |   174 |   482 |       |       ||   719
       Double sword      |       |       |       |       |   101 ||   101
 Fire: Blowgun           |       |       |       |       |    32 ||    32
Throw: Throwing net      |       |       |     6 |       |       ||     6
       Tomahawk          |       |       |       |     1 |     4 ||     5
 Cast: Shroud of Golubri |     5 |    10 |     5 |       |       ||    20
Invok: Berserk           |       |       |     6 |    14 |    21 ||    41
       Trog's Hand       |       |       |       |    13 |    22 ||    35
       Burn Spellbooks   |       |       |       |     1 |     3 ||     4
       Brothers in Arms  |       |       |       |       |     7 ||     7
 Abil: Evoke Berserk Rag |     1 |     4 |     8 |       |       ||    13
Evoke: Wand              |       |       |     2 |    14 |    13 ||    29
  Use: Potion            |       |     1 |     2 |     6 |     6 ||    15
       Scroll            |       |       |     9 |    16 |     8 ||    33
 Stab: Sleeping          |     2 |       |       |       |       ||     2
       Held in net/web   |       |       |     6 |       |       ||     6
  Eat: Bread ration      |     1 |       |     2 |       |       ||     3
       Chunk             |       |     6 |    18 |    20 |    37 ||    81
       Fruit             |       |       |     4 |       |     3 ||     7
       Meat ration       |       |       |       |     1 |     2 ||     3
Armor: Leather armour    |     3 |    22 |    87 |    25 |       ||   137
       Skin              |       |     9 |     1 |    45 |       ||    55
       Scale mail        |       |       |     4 |       |       ||     4
       Chain mail        |       |       |       |    58 |   335 ||   393
Dodge: Dodged            |    53 |   141 |   385 |   237 |   595 ||  1411
Block: Shield            |       |       |       |       |    42 ||    42
